 Dungeon Crawl Stone Soup version 0.19.4-9-g45fd643 (webtiles) character file.

58 protoss039 the Chiller (level 3, -2/19 HPs)
             Began as a Deep Elf Ice Elementalist on Feb 20, 2017.
             Slain by Terence
             ... wielding a +2 trident of flaming
              (3 damage)
             ... on level 2 of the Dungeon.
             The game lasted 00:05:03 (854 turns).

protoss039 the Chiller (Deep Elf Ice Elementalist)   Turns: 854, Time: 00:05:03

Health: -2/19      AC:  8    Str:  5    XL:     3   Next: 75%
Magic:  10/10      EV:  6    Int: 20    God:
Gold:   57         SH:  0    Dex: 15    Spells: 2 memorised, 6 levels left

rFire  . . .     SeeInvis .     e - +3 dagger
rCold  . . .     Gourm    .     h - +0 scale mail
rNeg   . . .     Faith    .     (no shield)
rPois  .         Spirit   .     (no helmet)
rElec  .         Reflect  .     m - +0 cloak
rCorr  .         Harm     .     j - +0 pair of gloves
MR     .....                    (no boots)
Stlth  +.........               (no amulet)
                                (no ring)
                                (no ring)

@: no status effects
A: no striking features
a: no special abilities


You were on level 2 of the Dungeon.
You were not hungry.

You visited 1 branch of the dungeon, and saw 2 of its levels.

You collected 57 gold pieces.

Inventory:

Hand Weapons
 e - a +3 dagger (weapon)
Armour
 a - a +0 robe
 h - a +0 scale mail (worn)
 j - a +0 pair of gloves (worn)
 m - a +0 cloak (worn)
Jewellery
 n - an uncursed ring of wizardry {unknown}
Scrolls
 g - a scroll of enchant weapon {unknown}
 o - a scroll of identify {unknown}
Potions
 d - a potion of beneficial mutation {unknown}
 k - a potion of heal wounds {unknown}
 l - a potion of cancellation {unknown}
 p - a potion of berserk rage {unknown}
Books
 b - a book of Frost

   Spells                             Type                      Level
   a - Freeze                         Ice                          1
   b - Throw Frost                    Conjuration/Ice              2
   c - Ozocubu's Armour               Charms/Ice                   3
   d - Throw Icicle                   Conjuration/Ice              4
   e - Summon Ice Beast               Ice/Summoning                4
Comestibles
 c - a bread ration
 f - 2 chunks of flesh
 i - 3 meat rations


   Skills:
 - Level 2.5 Dodging
 - Level 2.4 Stealth
 + Level 3.8 Spellcasting
 - Level 1.1 Conjurations
 * Level 4.7 Ice Magic


You had 6 spell levels left.
You knew the following spells:

 Your Spells              Type           Power        Failure   Level  Hunger
a - Freeze                Ice            ###.         54%         1    None
b - Throw Frost           Conj/Ice       ###...       99%         2    ##.....


Dungeon Overview and Level Annotations

Branches:
Dungeon (2/15)

Altars:

Annotations:
D:2 Terence


Message History

Level annotation: Terence Terence hits you with a trident of flaming.
Terence burns you.
Terence drinks a potion.
Terence seems to grow stronger.
There is a stone staircase leading up here.
Unknown command.
Okay, then.
Okay, then.
You hit Terence.
Terence is lightly wounded.
Terence hits you with a trident of flaming.
Terence burns you.
You closely miss Terence.
Terence is lightly wounded.
Terence closely misses you.
You closely miss Terence.
Terence is lightly wounded.
Terence hits you with a trident of flaming.
* * * LOW HITPOINT WARNING * * *
Terence burns you.
You die...

.# ##....#.# #..###
..#+#..##...## ##..#
......## #....# ##...#
....### #.#..##....#
.....######.##......##
............###.....####
##....####........)....#
#..#..####.##...##..#...#
##.##..........@.##......
#.# ###.......@.....#...
###.# #............### ..
....# #............# .
##..# ##............#
###.###............##
.........#...#....##
.........##.##.####
)........##....#


You could see Terence.

Vanquished Creatures
  2 adders (D:2)
  An ooze (D:1)
  2 worms (D:2)
  A dart slug (D:2)
  A leopard gecko (D:2)
  2 bats
  5 goblins
  3 hobgoblins (D:1)
  3 jackals (D:1)
  4 kobolds (D:1)
  A rat (D:2)
25 creatures vanquished.

Notes
Turn   | Place    | Note
-------+----------+-------------------------------------------
     0 | D:1      | protoss039 the Deep Elf Ice Elementalist began the quest for the Orb.
     0 | D:1      | Reached XP level 1. HP: 10/10 MP: 6/6
   205 | D:1      | Reached XP level 2. HP: 9/15 MP: 5/8
   224 | D:1      | Learned a level 2 spell: Throw Frost
   360 | D:1      | Reached skill level 4 in Ice Magic
   533 | D:2      | Reached XP level 3. HP: 19/19 MP: 1/10
   758 | D:2      | Noticed Terence
   854 | D:2      | Slain by Terence

Skill      XL: |  1  2 |
---------------+-------+-----
Ice Magic      | 4 |  4.7
Dodging        | |  2.5
Stealth        | |  2.4
Spellcasting   | |  3.8
Conjurations   | |  1.1

Action                   || total
-------------------------++-------
Melee: Dagger            ||    27
 Cast: Freeze            ||    23
       Throw Frost       ||    15
Armor: Robe              ||     3
Dodge: Dodged            ||    38
